[Event "*** SCC Grand Prix: Titled Tuesday Blitz"]
[Site "Chess.com"]
[Date "2020.06.09"]
[Round "3"]
[White "bratkoo"]
[Black "AungTZ"]
[Result "0-1"]
[WhiteElo "2327"]
[BlackElo "2120"]
[TimeControl "180+1"]
[EndTime "9:29:34 PDT"]
[Termination "AungTZ won by checkmate"]

1. e4 c5 2. Nf3 Nc6 3. Nc3 d6 4. d4 cxd4 5. Nxd4 Nf6 6. Be2 e5 7. Nb3 Be7 8. Bg5 Nxe4 9. Nxe4 Bxg5 10. Nxd6+ Ke7 11. Ne4 Qxd1+ 12. Rxd1 Bh6 13. g4 g6 14. g5 Bg7 15. h4 h6 16. gxh6 Rxh6 17. c3 b6 18. Nd6 Be6 19. Bf3 Rd8 20. Nxf7 Rxd1+ 21. Kxd1 Bxf7 22. Bxc6 g5 23. Ke2 gxh4 24. Nd2 Rxc6 25.
Rxh4 Rh6 26. Ra4 a5 27. b4 Be8 28. Ra3 a4 29. c4 b5 30. cxb5 Bxb5+ 31. Kd1 Rh2 32.
Ne4 Bc6 33. f3 Ke6 34. Rc3 Bxe4 35. fxe4 Rxa2 36. Rc6+ Kd7 37. Ra6 Bf8 38. b5 a3 39.
Kc1 Rb2 40. b6 Kc6 41. Ra8 Bd6 42. Ra6 Rxb6 43. Ra4 Bc5 44. Kc2 Rb2+ 45. Kc3 Re2 46. Kd3 Re3+ 47. Kd2 Rb3 48. Kc2 Rb5 49. Kc3 Bd4+ 50.
Kc4 Bb2 51. Ra6+ Rb6 52. Ra5 Kb7 53. Ra4 Ra6 54. Rb4+ Kc6 55. Rb5 Ra4+ 56. Kb3 Kxb5 57. Ka2 Kc4 58. Kb1 a2+ 59. Kc2 a1=Q 60. Kd2 Qc1+ 61.
Ke2 Ra3 62. Kf2 Re3 63. Kg2 Qe1 64. Kh2 Re2+ 65. Kh3 Qg1 66. Kh4 Rh2# 0-1

[Event "*** SCC Grand Prix: Titled Tuesday Blitz"]
[Site "Chess.com"]
[Date "2020.06.09"]
[Round "3"]
[White "Khvicha_Supatashvili"]
[Black "IljaJoke"]
[Result "1-0"]
[WhiteElo "2716"]
[BlackElo "2486"]
[TimeControl "180+1"]
[EndTime "9:29:35 PDT"]
[Termination "Khvicha_Supatashvili won by resignation"]

1. d4 Nf6 2. c4 c5 3. d5 g6 4. Nc3 Bg7 5. e4 d6 6. Nf3 O-O 7. h3 e6 8. Bd3 Nbd7 9. O-O e5 10. a3 h6 11. b4 Nh7 12. Be3 b6 13. Qd2 f5 14.
Bxh6 f4 15. Bxg7 Kxg7 16. Nh2 f3 17. Nxf3 Rxf3 18. gxf3 Ndf6 19. f4 Bxh3 20. fxe5 dxe5 21. f4 Bxf1 22. Rxf1 Ng4 23. Be2 Qh4 24. Bxg4 Qxg4+ 25. Qg2 Qh4 26. Ne2 Re8 27. Ng3 Kh8 28. f5 Ng5 29.
Qh2 Nh3+ 30. Kg2 Nf4+ 31. Kh1 g5 32. bxc5 bxc5 33. f6 Rf8 34. Nf5 Qxh2+ 35. Kxh2 Rxf6 36. Kg3 Ra6 37. Kg4 Rxa3 38. Kxg5 Kg8 39. Kf6 Ra6+ 40. Ke7 Ng6+ 41. Kd7 Ra4 42. Rg1 Kh7 43. Rh1+ Kg8 44. Ne7+ Nxe7 45. Kxe7 Rxc4 46. d6 Rxe4 47. Rg1+ Kh7 48.
d7 Rd4 49. d8=Q Rxd8 50. Kxd8 c4 51. Ke7 a5 52. Ke6 c3 53. Kxe5 a4 54. Kd4 a3 55.
Kxc3 1-0

[Event "*** SCC Grand Prix: Titled Tuesday Blitz"]
[Site "Chess.com"]
[Date "2020.06.09"]
[Round "3"]
[White "Slovak_fighter2000"]
[Black "Volodar_Murzin"]
[Result "0-1"]
[WhiteElo "2442"]
[BlackElo "2707"]
[TimeControl "180+1"]
[EndTime "9:29:35 PDT"]
[Termination "Volodar_Murzin won by checkmate"]

1. d4 Nf6 2. Nf3 g6 3. Nc3 Bg7 4. e4 d6 5. Be2 O-O 6. h3 Nc6 7. Be3 e5 8. dxe5 Nxe5 9. Nxe5 dxe5 10. O-O c6 11. Qxd8 Rxd8 12. Rfd1 Be6 13. a4 Bf8 14.
Rxd8 Rxd8 15. Bxa7 Bb4 16. Bd3 Nd7 17. Be3 Nc5 18.
Bxc5 Bxc5 19. a5 f5 20. a6 b5 21. a7 Ra8 22. Ra6 Bd7 23. exf5 gxf5 24. g4 e4 25. Be2 Rxa7 26. Rxa7 Bxa7 27. gxf5 Bxf5 28. Bg4 Bg6 29. Nd1 b4 30. Ne3 Bd4 31. b3 Kf7 32.
Kf1 Kf6 33. Bd7 c5 34. Bc6 Kg5 35. Kg2 Kf4 36. Nd5+ Ke5 37. Ne3 Bh5 38. Ng4+ Kf4 39.
Bd5 Bg6 40. Bc4 h5 41. Nh2 h4 42. Ng4 Bf5 43. Be2 Bc8 44. Kf1 e3 45. fxe3+ Bxe3 46. Bd3 Bd4 47. Kg2 Bb7+ 48. Kh2 Kf3 49. Bc4 Be4 50. Nh6 Bxc2 51. Nf5 Kf2 52. Nxh4 Be5+ 53. Kh1 Be4+ 54. Ng2 Bxg2# 0-1

[Event "*** SCC Grand Prix: Titled Tuesday Blitz"]
[Site "Chess.com"]
[Date "2020.06.09"]
[Round "3"]
[White "ChessQueen"]
[Black "Alex_Banzea"]
[Result "1-0"]
[WhiteElo "2681"]
[BlackElo "2429"]
[TimeControl "180+1"]
[EndTime "9:29:35 PDT"]
[Termination "ChessQueen won on time"]

1. e4 c6 2. c4 d5 3. cxd5 cxd5 4. exd5 Nf6 5. Nc3 Nxd5 6. Nf3 Nxc3 7. bxc3 g6 8. Bb5+ Nc6 9. O-O Bg7 10. a4 O-O 11. Ba3 a6 12. Bxc6 bxc6 13. Re1 Re8 14. Ne5 Qd5 15. d4 f6 16. c4 Qe6 17. Nxg6 Qxc4 18.
Nxe7+ Kh8 19. Rc1 Qf7 20. Rxc6 Bd7 21. Rc7 Rad8 22. d5 f5 23. d6 f4 24. Bc5 Qf6 25.
Bb4 Qb2 26. Qd2 Qxd2 27. Bxd2 Bxa4 28. Bxf4 Bb5 29. h4 Bf6 30. h5 Bxe7 31. dxe7 Rd7 32.
Rxd7 Bxd7 33. Bd6 Ra8 34. f3 Kg8 35. g4 Kf7 36. Kf2 a5 37. Ba3 a4 38. Kg3 Rb8 39.
Rd1 Be8 40. Rd4 Rb3 41. Rf4+ Ke6 42. Re4+ Kd7 43. Rd4+ Ke6 44. Rd8 Rxa3 45. Rxe8 Kf7 46. Rh8 Kxe7 47. Rxh7+ Kf6 48. Ra7 Ra1 49. Ra6+ Ke5 50.
h6 a3 51. Kg2 a2 52. h7 Rh1 53.
Kxh1 a1=Q+ 54. Rxa1 1-0

[Event "*** SCC Grand Prix: Titled Tuesday Blitz"]
[Site "Chess.com"]
[Date "2020.06.09"]
[Round "3"]
[White "Micki-taryan"]
[Black "moro182"]
[Result "0-1"]
[WhiteElo "3007"]
[BlackElo "2657"]
[TimeControl "180+1"]
[EndTime "9:29:38 PDT"]
[Termination "moro182 won by checkmate"]

1. Nf3 d5 2. g3 Nf6 3. Bg2 c5 4.
O-O Nc6 5. d3 g6 6. Nc3 Bg7 7.
e4 O-O 8. Qe2 dxe4 9. dxe4 Bg4 10. Be3 Nd4 11. Bxd4 cxd4 12. Rad1 e5 13. h3 Bxf3 14.
Bxf3 Qb6 15. Nd5 Nxd5 16. exd5 Rfe8 17. c4 e4 18. Bg2 d3 19. Qd2 f5 20. b3 e3 21.
fxe3 Rxe3 22. Kh1 Rae8 23. Rf3 Qd4 24. Rxe3 Rxe3 25. Qf2 Be5 26. Bf3 Kg7 27. Kg2 g5 28. Re1 Rxe1 29. Qxe1 d2 30. Qd1 Qc3 31. g4 fxg4 32.
hxg4 Qe3 33. Qe2 Qf4 34. c5 Qg3+ 35. Kf1 Qh3+ 36. Bg2 Qc3 37. Bf3 Qc1+ 38. Kg2 Qe1 39. d6 h5 40. gxh5 Kf6 41. h6 Kg6 42. d7 Bc7 43.
d8=Q Qg3+ 44. Kf1 Bxd8 45. Qe6+ Bf6 46. Be4+ Kh5 47. Qf7+ Kh4 48. Bc2 Qf3+ 49. Kg1 Bd4+ 50. Kh2 Qg3+ 51. Kh1 Qg1# 0-1

[Event "*** SCC Grand Prix: Titled Tuesday Blitz"]
[Site "Chess.com"]
[Date "2020.06.09"]
[Round "3"]
[White "Kilpkonn"]
[Black "ShahMatKanal"]
[Result "0-1"]
[WhiteElo "2032"]
[BlackElo "2478"]
[TimeControl "180+1"]
[EndTime "9:29:38 PDT"]
[Termination "ShahMatKanal won on time"]

1. e4 c6 2. d4 d5 3. f3 g6 4. c4 Bg7 5. Be3 Nf6 6. Nc3 O-O 7. e5 Ne8 8. Bd3 dxc4 9. Bxc4 Nc7 10. Nge2 Be6 11. Bxe6 Nxe6 12. Qb3 Qd7 13. O-O b6 14.
Rad1 Qb7 15. f4 Na6 16. f5 gxf5 17. Rxf5 Nac7 18. Rdf1 Nd5 19. Nxd5 cxd5 20. Bc1 Qa6 21. Qf3 Kh8 22. Rxf7 Rxf7 23. Qxf7 Rf8 24. Qxe6 Qxe2 25. Rxf8+ Bxf8 26. Qf5 Qe1+ 27. Qf1 Qxf1+ 28. Kxf1 e6 29. Ke2 Kg7 30. Kf3 Kg6 31. g4 h5 32. gxh5+ Kxh5 33. b3 Bb4 34. Be3 Kh4 35. Kg2 Bc3 36. Bf2+ Kg4 37. h3+ Kf4 38. h4 Kg4 39. Kh2 Bb2 40. Kg2 Bc3 41. Kh2 Bb2 42. Kg2 Bc1 43. Kh2 Ba3 44.
Kg2 Be7 45. Kh2 Bxh4 46. Bxh4 Kxh4 47. Kg2 Kg4 48. Kf2 Kf4 49. Ke2 Ke4 50. Kd2 Kxd4 0-1

[Event "*** SCC Grand Prix: Titled Tuesday Blitz"]
[Site "Chess.com"]
[Date "2020.06.09"]
[Round "3"]
[White "profofchess"]
[Black "StephenDedalus83"]
[Result "0-1"]
[WhiteElo "2451"]
[BlackElo "2743"]
[TimeControl "180+1"]
[EndTime "9:29:39 PDT"]
[Termination "StephenDedalus83 won by resignation"]

1. e4 c5 2. Nf3 Nc6 3. Bb5 g6 4. O-O Bg7 5. Re1 e5 6. Bxc6 dxc6 7. d3 Qe7 8. a4 Nf6 9. a5 Nd7 10. Nbd2 Nf8 11. Nc4 f6 12. Be3 Ne6 13. h4 O-O 14. h5 g5 15. Nfd2 Rb8 16. Nf1 Nf4 17. Ng3 Rd8 18.
b4 cxb4 19. Bxa7 Ra8 20. Bb6 Re8 21. Ne3 Bf8 22. Nef5 Qf7 23. Rb1 Bxf5 24. exf5 Nd5 25. Ne4 Nxb6 26. axb6 Ra6 27. g4 Rxb6 28. Qd2 Ra6 29. Kg2 h6 30. c3 bxc3 31. Qxc3 b5 32. Rec1 Qd5 33. f3 Kf7 34. Rc2 Be7 35. Rb3 Rea8 36.
Qb2 Ra2 37. Qb1 Ra1 38. Qb2 R8a2 39. Qc3 Rxc2+ 40. Qxc2 Qd4 41. Qf2 Qxf2+ 42. Kxf2 b4 43. Rb2 c5 44. Ke3 Ra3 45. Nd2 Ke8 46. Ke4 Kd7 47. Nc4 Ra1 48. Kd5 Rd1 49. Rb3 Bf8 50. Ne3 Re1 51. Nc4 Rf1 52. Nb6+ Kc7 53. Nc4 Rxf3 54.
Ke6 e4 55. Kxf6 exd3 56. Ne5 d2 57. Rb1 Re3 58. Rd1 Re2 59. Nc4 Re4 60. Nxd2 Rd4 61.
Kf7 Bd6 62. f6 c4 63. Kg8 c3 64. f7 Rxd2 65. Re1 c2 66. f8=Q Bxf8 67. Kxf8 Rd1 68. Re7+ Kc6 69. Re8 0-1

[Event "*** SCC Grand Prix: Titled Tuesday Blitz"]
[Site "Chess.com"]
[Date "2020.06.09"]
[Round "3"]
[White "Grieve72"]
[Black "DrKozerov"]
[Result "0-1"]
[WhiteElo "2400"]
[BlackElo "2598"]
[TimeControl "180+1"]
[EndTime "9:29:42 PDT"]
[Termination "DrKozerov won on time"]

1. e4 c5 2. Nf3 Nc6 3. d4 cxd4 4.
Nxd4 Nf6 5. Nc3 e5 6. Ndb5 d6 7.
Bg5 a6 8. Na3 b5 9. Nd5 Be7 10.
Bxf6 Bxf6 11. c3 O-O 12. Nc2 Rb8 13. Be2 Bg5 14. O-O Kh8 15. a4 bxa4 16. Ncb4 Nxb4 17. Nxb4 Bd7 18. Bxa6 Qb6 19. Qd3 f5 20. Rad1 fxe4 21. Qxd6 Bg4 22. Qxb6 Rxb6 23. Rd5 Bf4 24. h3 Bh5 25. g3 Bf3 26. Re1 Rg6 27. Be2 Bxg3 28. fxg3 Rxg3+ 29. Kf2 Rg2+ 30. Ke3 h6 31. Rxe5 Rg3 32.
Kd4 Rxh3 33. Nd5 Rh2 34. Bb5 Rxb2 35. Bxa4 Rd2+ 36. Kc5 Rd3 37. c4 g5 38. Kd6 g4 39.
c5 g3 40. c6 g2 41. c7 Ra3 42. Bd7 Raa8 43. Ne7 Kg7 44. c8=Q Raxc8 45. Nxc8 Rf6+ 46.
Be6 Kg6 47. Ne7+ Kg7 48. Nf5+ Kg6 49. Ne3 h5 50. Nxg2 Bxg2 51. Rg1 Rf2 52. Rxe4 Kf6 53. Re3 Rd2+ 54. Kc5 h4 55. Bc4 Kg5 0-1

[Event "*** SCC Grand Prix: Titled Tuesday Blitz"]
[Site "Chess.com"]
[Date "2020.06.09"]
[Round "3"]
[White "Meri-Arabidze"]
[Black "Shtembuliak"]
[Result "0-1"]
[WhiteElo "2644"]
[BlackElo "2860"]
[TimeControl "180+1"]
[EndTime "9:29:43 PDT"]
[Termination "Shtembuliak won by resignation"]

1. d4 g6 2. c4 Bg7 3. Nf3 d6 4. g3 Nf6 5. Bg2 O-O 6. O-O c6 7. Nc3 Bf5 8. Ne1 e5 9. d5 cxd5 10. cxd5 a5 11. e4 Bd7 12. Nd3 b5 13. a3 Na6 14. Be3 Qb8 15. b4 axb4 16. axb4 Ng4 17.
Bd2 f5 18. h3 Nf6 19. Qb3 Kh8 20. Rae1 Qc7 21. f4 Nxe4 22. Nxe4 fxe4 23. Rxe4 Bf5 24. Ree1 Qc4 25. Nc1 Bc2 26. Qxc4 bxc4 27. Ne2 Bd3 28. fxe5 Bxe5 29. Rxf8+ Rxf8 30. Nf4 Bf5 31. Bf1 c3 32. Bc1 Nxb4 33. Ba3 Nc2 34. Rxe5 Nxa3 35. Re7 c2 36. Rc7 Rc8 37. Rxc8+ Bxc8 38. Nd3 Bf5 39. Nc1 Kg7 40.
Kf2 Be4 41. Ke3 Bxd5 42. Kd4 Be6 43. h4 Bf5 44. Kc3 Kf6 45. Kb2 Nb1 46. Nd3 Nd2 47. Be2 Ne4 48. Kxc2 Nxg3 49. Bf3 h5 50. Kc3 Bxd3 51.
Kxd3 Nf5 52. Kc4 Nxh4 53. Kd5 Nf5 54. Be4 g5 55. Bg2 g4 0-1

[Event "*** SCC Grand Prix: Titled Tuesday Blitz"]
[Site "Chess.com"]
[Date "2020.06.09"]
[Round "3"]
[White "Gajuchess"]
[Black "bulletteemo"]
[Result "1-0"]
[WhiteElo "2790"]
[BlackElo "2537"]
[TimeControl "180+1"]
[EndTime "9:29:43 PDT"]
[Termination "Gajuchess won on time"]

1. d4 Nf6 2. Nf3 g6 3. c3 Bg7 4. Bg5 O-O 5. Nbd2 c5 6. dxc5 a5 7. e3 Na6 8. Bxf6 Bxf6 9. Ne4 Bg7 10. Bxa6 bxa6 11. O-O Bb7 12. Qc2 Qc7 13. Rfd1 Qc6 14. Ng3 Rfd8 15. Qb3 Rab8 16. Qa3 a4 17. Rd2 h5 18. h3 Bf6 19. Rad1 h4 20. Ne2 Rbc8 21. Ned4 Qxc5 22. Qxa4 d6 23. Nb3 Qh5 24. Qg4 Qxg4 25. hxg4 Rc4 26. Na5 Bxf3 27. gxf3 Ra4 28. Nc6 Rc8 29.
Nb4 a5 30. Nd5 Rxa2 31. Nxf6+ exf6 32. Rxd6 Rxb2 33. Rxf6 Rxc3 34. g5 Rcc2 35. Rd8+ Kg7 36. Rd7 Rc1+ 37. Kg2 Rc8 38. Rfxf7+ Kg8 39. Rg7+ Kf8 40.
Rdf7+ Ke8 41. Ra7 Kf8 42. Rh7 Kg8 43. Rxh4 Rb5 44. f4 Rd5 45. Rhh7 Rd6 46. Rhg7+ Kf8 47. Raf7+ Ke8 48. Ra7 Kf8 49. Rh7 Kg8 50. Rhb7 Rd5 51.
Rb6 Rd2 52. Rxg6+ Kf8 53. Rf6+ Ke8 54. Kg3 Rcc2 55. Rh6 1-0

[Event "*** SCC Grand Prix: Titled Tuesday Blitz"]
[Site "Chess.com"]
[Date "2020.06.09"]
[Round "3"]
[White "emiliocordova"]
[Black "m_ezat"]
[Result "1-0"]
[WhiteElo "2845"]
[BlackElo "2468"]
[TimeControl "180+1"]
[EndTime "9:29:43 PDT"]
[Termination "emiliocordova won by resignation"]

1. d4 Nf6 2. Nf3 g6 3. g3 Bg7 4. Bg2 O-O 5. O-O d6 6. c4 Nc6 7.
Nc3 Bg4 8. h3 Bxf3 9. Bxf3 Nd7 10.
e3 e5 11. d5 Ne7 12. e4 f5 13.
Kg2 Nf6 14. Qe2 c5 15. Rb1 Qd7 16. Bd2 f4 17. h4 h6 18. Rh1 g5 19. hxg5 hxg5 20.
g4 Ng6 21. Rbg1 Kf7 22. Kf1 Rh8 23. Rh5 Rxh5 24. gxh5 Qh3+ 25. Ke1 Nh4 26. Bh1 g4 27. Kd1 Bh6 28. Kc2 a6 29. Qd1 b5 30. cxb5 axb5 31.
Nxb5 Ke7 32. Nc3 Qh2 33. Qf1 Rg8 34. Bg2 g3 35. f3 Nxh5 36. Ne2 Nf6 37. a4 Bg5 38. a5 Ra8 39. b4 cxb4 40. Bxb4 Nxg2 41.
Rxg2 Qh3 42. Nc3 Qd7 43. Nb5 Ne8 44. Kb3 Rb8 45. Ka4 Nc7 46. Bxd6+ Kf7 47. Bxc7 Rb7 48.
Bxe5 Bd8 49. Rc2 Bxa5 50. Kxa5 Qd8+ 51. Rc7+ Rxc7 52. Bxc7 Qf6 53. d6 Qb2 54. d7 Qd2+ 55.
Kb6 Qxd7 56. Nd6+ Kg6 57. Qh1 Qh7 58. Qxh7+ Kxh7 59. Kc6 g2 60. Bb6 Kg6 61. Bg1 Kg5 62.
Nf5 Kf6 63. Kd5 Kg5 64. Ke5 Kh5 65. Kxf4 Kg6 66. Kg3 1-0

[Event "*** SCC Grand Prix: Titled Tuesday Blitz"]
[Site "Chess.com"]
[Date "2020.06.09"]
[Round "3"]
[White "louis198"]
[Black "Chess_Boxer123"]
[Result "0-1"]
[WhiteElo "2444"]
[BlackElo "2729"]
[TimeControl "180+1"]
[EndTime "9:29:43 PDT"]
[Termination "Chess_Boxer123 won by resignation"]

1. d4 d5 2. Bf4 c5 3. e3 Nc6 4. Nf3 Nf6 5. Nbd2 Qb6 6. dxc5 Qxb2 7. Rb1 Qc3 8. Bb5 g6 9. O-O Bg7 10. Nb3 O-O 11. Bxc6 bxc6 12. Be5 Qc4 13. Nfd4 Ne4 14. Bxg7 Kxg7 15. Qd3 Ba6 16. Qxc4 dxc4 17. Na5 Nd2 18. Naxc6 Nxf1 19. Kxf1 Rfc8 20. f4 Rc7 21. c3 Bc8 22. Kf2 Bf5 23. Rb4 Bd3 24. Ra4 a5 25. Kf3 Rac8 26.
Nxa5 Rxc5 27. Nb7 R5c7 28. Na5 Ra8 29. Ra3 Rc5 30. Nxc4 Rxa3 31. Nxa3 Rxc3 32. Nab5 Bxb5 33. Nxb5 Rc2 34. a3 Ra2 35. g4 Kf6 36. h4 Ke6 37. Ke4 f5+ 38. gxf5+ gxf5+ 39. Kd3 Rh2 40. a4 Rxh4 41. a5 Rh1 42. Kc4 Ra1 43. Kb4 Kd5 44.
Nc3+ Kc6 45. Ne2 e6 46. Nd4+ Kd5 47. Nb5 h5 48. Nc3+ Kc6 49. Ne2 h4 50. Nd4+ Kd5 51. Nf3 h3 52. Kb5 Rb1+ 53. Ka4 Rf1 54. Nh2 Rf2 0-1

[Event "*** SCC Grand Prix: Titled Tuesday Blitz"]
[Site "Chess.com"]
[Date "2020.06.09"]
[Round "3"]
[White "BIG_Pirate"]
[Black "BaMBoMaTTo"]
[Result "0-1"]
[WhiteElo "2421"]
[BlackElo "2634"]
[TimeControl "180+1"]
[EndTime "9:29:43 PDT"]
[Termination "BaMBoMaTTo won on time"]

1. Nf3 Nf6 2. c4 g6 3. Nc3 d5 4. cxd5 Nxd5 5. Qa4+ Bd7 6. Qd4 Nf6 7. g3 Nc6 8. Qc4 Bg7 9. Bg2 O-O 10. O-O e5 11.
d3 h6 12. Be3 Be6 13. Qb5 Nd5 14. Nxd5 Bxd5 15. Rfc1 a6 16. Qa4 Re8 17. Nd2 Bxg2 18.
Kxg2 Nd4 19. Qd1 f5 20. Bxd4 exd4 21. Nf3 Kh7 22. Rc2 c6 23. Rac1 Re6 24. b4 Qe7 25. a3 a5 26. Rb1 axb4 27. axb4 Ra3 28. b5 Rc3 29. bxc6 Rexc6 30. Rcb2 Rc7 31. Nd2 R3c6 32. Nc4 Re6 33. Kf1 h5 34. Rb6 h4 35. Rxe6 Qxe6 36.
Rb6 Qd5 37. Kg1 h3 38. f3 g5 39. Qb3 Re7 40. Kf2 g4 41. Qb5 Qf7 42. f4 Kh8 43.
Nd6 Qe6 44. Ne4 Qc8 45. Nd6 Qc2 0-1

[Event "*** SCC Grand Prix: Titled Tuesday Blitz"]
[Site "Chess.com"]
[Date "2020.06.09"]
[Round "3"]
[White "Chess2019Player"]
[Black "GuerrieroFromLevant"]
[Result "1-0"]
[WhiteElo "2172"]
[BlackElo "2346"]
[TimeControl "180+1"]
[EndTime "9:29:43 PDT"]
[Termination "Chess2019Player won by resignation"]

1. e4 e6 2. d4 d5 3. Nc3 Nf6 4. exd5 exd5 5. Bd3 c5 6. dxc5 Bxc5 7. Nf3 O-O 8. O-O h6 9. h3 Nc6 10. Ne2 Re8 11.
c3 Ne4 12. Ned4 Qf6 13. Be3 Bb6 14. Re1 Bd7 15. Qc2 Rac8 16. a3 Qg6 17. Kh1 Qh5 18.
Nxc6 Bxc6 19. Bxb6 axb6 20. Nd4 Ng5 21. Be2 Qg6 22.
Bg4 Qxc2 23. Nxc2 Rcd8 24. Nd4 Ne4 25. Kg1 Nd2 26. Rad1 Nc4 27. b3 Ne5 28. Be2 Bd7 29. Bf1 Bc8 30. b4 g5 31. a4 f5 32. Nb5 Nc4 33.
Bxc4 dxc4 34. Rxe8+ Rxe8 35. Rd4 Be6 36. Nc7 Re7 37. Nxe6 Rxe6 38. Rxc4 Kf7 39. Rc7+ Re7 40. Rxe7+ Kxe7 41. Kf1 Kd6 42. Ke2 Kd5 43. Kd3 f4 44. c4+ Ke5 45. f3 h5 46. a5 bxa5 47. bxa5 Kd6 48.
Kd4 Kc6 49. c5 Kb5 50. Kd5 Kxa5 51. c6 bxc6+ 52. Kxc6 Kb4 53. Kd5 Kc3 54. Ke5 Kd3 55. Kf5 Ke3 56. Kxg5 Kf2 57. Kxh5 Kxg2 58. Kg4 Kf2 59.
h4 Ke3 60. h5 Kd4 61. h6 Ke5 62. h7 Kf6 63. h8=Q+ Ke6 1-0

[Event "*** SCC Grand Prix: Titled Tuesday Blitz"]
[Site "Chess.com"]
[Date "2020.06.09"]
[Round "3"]
[White "Lagmantr"]
[Black "Glek_Igor"]
[Result "1-0"]
[WhiteElo "2714"]
[BlackElo "2443"]
[TimeControl "180+1"]
[EndTime "9:29:44 PDT"]
[Termination "Lagmantr won on time"]

1. e4 c5 2. Nf3 a6 3. c3 e6 4. d4 d5 5. exd5 exd5 6. Bd3 c4 7. Bc2 Nc6 8. O-O Bd6 9. Re1+ Nge7 10. Nbd2 h6 11.
Nf1 O-O 12. Ng3 Bxg3 13. hxg3 Bf5 14. Bf4 Qd7 15. Ne5 Nxe5 16. Rxe5 Bxc2 17. Qxc2 Ng6 18. Re2 Rfe8 19. Rae1 b5 20. a3 Rxe2 21. Qxe2 Qf5 22.
Bd6 h5 23. Qf3 Qxf3 24. gxf3 f6 25. f4 f5 26. Kg2 Kf7 27. Be5 h4 28. Rh1 hxg3 29.
fxg3 Nxe5 30. dxe5 a5 31. Ra1 Rd8 32. Rd1 Ke6 33. Rd2 b4 34. axb4 axb4 35. cxb4 Rb8 36. Kh3 Rxb4 37. Kh4 Rb3 38. g4 g6 39. Rg2 d4 40. Kg5 Rf3 41. Rh2 d3 42. gxf5+ gxf5 43. Rh6+ Kd5 44. Rd6+ Ke4 45. e6 Rg3+ 46. Kf6 Rg8 47.
e7 Rh8 48. Kg7 Re8 49. Kf7 1-0

[Event "*** SCC Grand Prix: Titled Tuesday Blitz"]
[Site "Chess.com"]
[Date "2020.06.09"]
[Round "3"]
[White "chenxiaoyuer"]
[Black "Witik"]
[Result "0-1"]
[WhiteElo "2378"]
[BlackElo "2579"]
[TimeControl "180+1"]
[EndTime "9:29:45 PDT"]
[Termination "Witik won by checkmate"]

1. e4 c6 2. d4 d5 3. Nc3 dxe4 4.
Nxe4 Nf6 5. Ng3 c5 6. Nf3 Nc6 7. Be3 cxd4 8. Nxd4 Bd7 9. Bb5 Qc7 10.
Nxc6 Bxc6 11. Bxc6+ Qxc6 12. O-O g6 13. Qe2 Bg7 14. Bd4 O-O 15. c3 Rfe8 16. f4 e6 17. Rae1 b5 18. Qf3 Rec8 19. Qxc6 Rxc6 20. Ne4 Nd5 21.
Bxg7 Kxg7 22. Nd2 a5 23. Re2 Rd8 24. Nb3 Rc4 25. g3 a4 26. Nd2 Rcc8 27. a3 Nb6 28. Nf3 Nc4 29. Nd4 Rd5 30. Kf2 Nd6 31. Rfe1 Nf5 32.
Nxf5+ gxf5 33. Re5 Rcd8 34. Rxd5 Rxd5 35. Re5 Rxe5 36.
fxe5 f6 37. exf6+ Kxf6 38. Ke3 e5 39. Kd3 Ke6 40. c4 bxc4+ 41. Kxc4 f4 42. gxf4 exf4 43. Kd4 Kf5 44. Kd3 Ke5 45. Ke2 Ke4 46. Kf2 Kd3 47. Kf3 Kc2 48. Kxf4 Kxb2 49. Kg5 Kxa3 50. Kh6 Kb4 51.
Kxh7 a3 52. h3 a2 53. h4 a1=Q 54. h5 Qf6 55. h6 Kc5 56. Kg8 Qxh6 57. Kf7 Qd6 58.
Kg8 Qe7 59. Kh8 Kd5 60. Kg8 Ke6 61. Kh8 Kf6 62. Kg8 Qg7# 0-1

[Event "*** SCC Grand Prix: Titled Tuesday Blitz"]
[Site "Chess.com"]
[Date "2020.06.09"]
[Round "3"]
[White "AnishGiri"]
[Black "XDPS"]
[Result "1-0"]
[WhiteElo "2964"]
[BlackElo "2689"]
[TimeControl "180+1"]
[EndTime "9:29:47 PDT"]
[Termination "AnishGiri won on time"]

1. e4 e5 2. Nf3 Nc6 3. Bc4 Bc5 4.
c3 Nf6 5. d3 O-O 6. Nbd2 d6 7.
h3 Bb6 8. O-O Ne7 9. Bb3 c6 10.
Re1 Ng6 11. d4 Re8 12. Bc2 h6 13. Nf1 Be6 14. Ng3 Qc7 15. Be3 Rad8 16. Qc1 Kh7 17. a4 a5 18. b4 axb4 19. cxb4 Ba7 20. Ra3 Qb8 21. Nf5 Ng8 22. Qb2 f6 23. Ng3 Qc8 24.
Kh2 Bb8 25. Qb1 Kh8 26. d5 Bf7 27. Rc3 N6e7 28. b5 c5 29. b6 g5 30. Rd1 Ng6 31.
Nf5 Nf4 32. g3 Ng6 33. Kg2 N6e7 34. g4 Ng6 35. h4 Nf4+ 36. Bxf4 gxf4 37. h5 Kh7 38. N3h4 Ne7 39. f3 Qd7 40. a5 Rg8 41. Kf2 Nxf5 42. Nxf5 Rg5 43. Rh1 Be8 44. Rc4 Qf7 45. Ba4 Bxa4 46. Rxa4 Qd7 47. Rc4 Rdg8 48. Qb3 Rd8 49. Rc2 Rdg8 50. Qc4 Rf8 51. Rb2 Rf7 52. Ke2 Rf8 53. Kd3 Rfg8 54. Qb5 Qf7 55. Kc4 Qf8 56. a6 bxa6 57. Qxa6 Qe8 58. Ra2 Qf8 59. Qb7+ Kh8 60.
Ra8 Qe8 61. Rha1 Rf8 62. R1a7 1-0

[Event "*** SCC Grand Prix: Titled Tuesday Blitz"]
[Site "Chess.com"]
[Date "2020.06.09"]
[Round "3"]
[White "sonicdravise"]
[Black "aa175"]
[Result "0-1"]
[WhiteElo "2549"]
[BlackElo "2382"]
[TimeControl "180+1"]
[EndTime "9:29:48 PDT"]
[Termination "aa175 won by checkmate"]

1. Nf3 Nf6 2. b3 Nc6 3. Bb2 d5 4. e3 Bf5 5. Bb5 a6 6. Bxc6+ bxc6 7. d3 c5 8. O-O e6 9. Nbd2 Bd6 10. Qe2 Bg4 11. h3 Bh5 12. e4 Be7 13. Rfe1 O-O 14. exd5 Nxd5 15. Qe4 Bf6 16. Bxf6 Qxf6 17. Ne5 Bg6 18.
Qf3 Nb4 19. Qd1 Qg5 20. Ndc4 Rad8 21. a3 Nd5 22. Qg4 Qxg4 23. hxg4 Nc3 24. f3 Nb5 25. Kf2 Rd5 26. Ke3 Nd4 27. Kd2 Rfd8 28. Nc6 Nxc6 29. Re3 Kf8 30. Rae1 h6 31. Kc3 Ne7 32. Ne5 Rd4 33.
R3e2 Nd5+ 34. Kb2 Nf4 35. Rf2 R4d6 36. g3 Nd5 37. Rfe2 Bh7 38. Rh1 Rb8 39. g5 Nb6 40. gxh6 gxh6 41. Rxh6 Kg7 42. Nxf7 Bxd3 43. Reh2 Kxf7 44.
cxd3 Rxd3 45. Rh7+ Kf6 46. R2h6+ Ke5 47. Rxc7 Na4+ 48.
Kc2 Rc3+ 49. Kd2 Rbxb3 50. Rh5+ Kd6 51. Ra7 Rb2+ 52. Kd1 Rd3+ 53. Kc1 Rc3+ 54. Kd1 Rb1+ 55. Kd2 Rb6 56. Rh4 Rxa3 57. Rhh7 Rb2+ 58. Kc1 Ra1# 0-1

[Event "*** SCC Grand Prix: Titled Tuesday Blitz"]
[Site "Chess.com"]
[Date "2020.06.09"]
[Round "3"]
[White "DrBergerBerger"]
[Black "SergioGarciaFuentes"]
[Result "1-0"]
[WhiteElo "2435"]
[BlackElo "2232"]
[TimeControl "180+1"]
[EndTime "9:29:49 PDT"]
[Termination "DrBergerBerger won by resignation"]

1. e4 e5 2. Nf3 Nf6 3. Nxe5 d6 4. Nf3 Nxe4 5. d3 Nf6 6. d4 Be7 7. c4 O-O 8. Nc3 Re8 9. Be2 Nbd7 10. O-O Nf8 11. Re1 Bf5 12. Nh4 Bd7 13. Bd3 Qc8 14.
Qc2 Ne6 15. Nf5 Bf8 16. Be3 c6 17. Rac1 Ng4 18. d5 Nxe3 19. Rxe3 Nc5 20. Rxe8 Qxe8 21. Ne3 Nxd3 22. Qxd3 c5 23. Re1 Qe5 24. Nc2 Qf6 25.
b3 Bf5 26. Qd2 h6 27. Ne3 Bd7 28. Nf1 Re8 29. Rxe8 Bxe8 30. Qe3 Bd7 31. Nd2 g6 32. Nde4 Qe5 33. f4 Qd4 34. Qxd4 cxd4 35. Nd1 Bg7 36. Kf1 Bf5 37. Ndf2 g5 38. fxg5 hxg5 39. Ke2 f6 40. Nxd6 Bb1 41. a3 Ba2 42. Kd3 Bxb3 43. Kxd4 f5+ 44. Kd3 f4 45. Nxb7 Kf8 46. Ne4 g4 47. Nbc5 Ba2 48. Ne6+ Kg8 49. Nxf4 Bb1+ 50. Ke3 Ba2 51.
c5 Bf8 52. c6 Kf7 53. c7 Bc5+ 54. Nxc5 1-0

[Event "*** SCC Grand Prix: Titled Tuesday Blitz"]
[Site "Chess.com"]
[Date "2020.06.09"]
[Round "3"]
[White "Hrant_ChessMood"]
[Black "ZAbdumalik"]
[Result "1-0"]
[WhiteElo "3079"]
[BlackElo "2727"]
[TimeControl "180+1"]
[EndTime "9:29:51 PDT"]
[Termination "Hrant_ChessMood won by resignation"]

1. d4 Nf6 2. c4 g6 3. Nc3 d5 4. cxd5 Nxd5 5. e4 Nxc3 6. bxc3 Bg7 7. Bc4 O-O 8. Ne2 c5 9. Be3 Nc6 10. O-O Bg4 11. f3 Bd7 12. Rb1 Qc7 13. Qd2 Rfd8 14. Rfc1 Be8 15. Bf4 e5 16. Bg3 Rac8 17. Bd3 b6 18. d5 Qd6 19. Ba6 Rb8 20. Qc2 Ne7 21. Bb5 Bxb5 22. Rxb5 f5 23. c4 Rf8 24.
Rcb1 Qc7 25. a4 Nc8 26. a5 Nd6 27. axb6 axb6 28. R5b3 Rb7 29. Nc3 Ra8 30. Nb5 Nxb5 31. Rxb5 f4 32. Bf2 Bf8 33. h3 Bd6 34. Qb2 Ra6 35.
Rb3 Kf7 36. Ra1 Rba7 37. Rba3 Rxa3 38. Rxa3 Rxa3 39. Qxa3 Qb7 40. Qa4 Ke7 41. Bh4+ Kf7 42. Kh2 h6 43. Bd8 Be7 44. Bxe7 Kxe7 45. Kg1 h5 46. h4 Qd7 47. Qa6 Qc7 48. Kf1 Kd7 49. Ke2 Kd6 50. Qa4 Ke7 51. Kd3 Qd7 52. Qxd7+ Kxd7 53.
Kc3 Kc7 54. Kb3 Kd6 55. Ka4 Kc7 56. Kb5 Kb7 57. d6 1-0